 Dungeon Crawl Stone Soup version 0.28.0-45-g0d030f2227 (webtiles) character file.

Game seed: 4333604610383303100

2569 protoss039 the Conjurer (level 9, -2/63 HPs)
             Began as a Demonspawn Earth Elementalist on May 18, 2022.
             Slain by a water moccasin (5 damage)
             ... on level 7 of the Dungeon.
             The game lasted 00:13:17 (9092 turns).

protoss039 the Conjurer (DsEE)                      Turns: 9092, Time: 00:13:18

Health: -2/63      AC:  5    Str:  6 (9)  XL:     9   Next: 31%
Magic:  17/17      EV: 16    Int: 20 (21) God:
Gold:   340        SH:  0    Dex: 12 (13) Spells: 13/19 levels left

rFire   . . .      SeeInvis .   a - +3 dagger (venom)
rCold   . . .      Faith    .   (no shield)
rNeg    . . .      Spirit   .   j - +0 leather armour
rPois   .          Reflect  .   (helmet restricted)
rElec   .          Harm     .   (no cloak)
rCorr   .          Rampage  .   (no gloves)
Will    .....                   f - +1 pair of boots
Stlth   ++........              m - amulet of magic regeneration
HPRegen 0.20/turn               i - +4 ring of evasion
MPRegen 0.55/turn               (no ring)

@: mighty, lethally poisoned (-2 -> -3), about to teleport
A: antennae 2, demonic guardian 2, sturdy frame 1
a: no special abilities


You were on level 7 of the Dungeon.
You visited 1 branch of the dungeon, and saw 7 of its levels.
You also visited: Sewer.

You collected 340 gold pieces.

Inventory:

Hand Weapons
 a - a +3 dagger of venom (weapon)
 e - a +2 hand axe of flaming
Missiles
 c - 85 stones
 r - 2 throwing nets
Armour
 f - a +1 pair of boots (worn)
 j - a +0 leather armour (worn)
Jewellery
 i - a +4 ring of evasion (left hand)
 m - an amulet of magic regeneration (around neck)
 C - a ring of protection from fire
 H - an amulet of faith
Wands
 t - a wand of flame (32)
 D - a wand of iceblast (11)
Scrolls
 b - a scroll of amnesia {unknown}
 q - a scroll of magic mapping
 s - a scroll of vulnerability {unknown}
 u - 3 scrolls of teleportation
 v - 2 scrolls of blinking
 y - a scroll of immolation {unknown}
 z - 2 scrolls of fog
 A - a scroll of identify
 B - 2 scrolls of noise {unknown}
 E - 3 scrolls of enchant weapon
 F - a scroll of acquirement {unknown}
Potions
 d - a potion of attraction
 g - a potion of degeneration
 h - a potion of brilliance {unknown}
 k - 2 potions of might
 l - 2 potions of curing {unknown}
 n - a potion of lignification {unknown}
 o - a potion of mutation {unknown}
 p - a potion of heal wounds {unknown}
 w - 2 potions of cancellation
 x - a potion of invisibility {unknown}
 G - a potion of haste {unknown}


   Skills:
 - Level 3.0 Fighting
 - Level 3.0 Dodging
 - Level 3.0 Stealth
 + Level 5.9 Spellcasting
 * Level 7.7 Conjurations
 - Level 2.0 Transmutations
 + Level 5.9 Earth Magic


You had 13 spell levels left.
You knew the following spells:

 Your Spells              Type           Power      Damage    Failure   Level
a - Sandblast             Erth           58%        2d13      1%          1
b - Passwall              Tmut/Erth      17%        N/A       3%          2
c - Stone Arrow           Conj/Erth      66%        3d11      1%          3

Your spell library contained the following spells:

 Spells                   Type           Power      Damage    Failure   Level
 Dazzling Flash           Conj/Hex       42%        N/A       7%          3
 Petrify                  Tmut/Erth      21%        N/A       22%         4
 Ozocubu's Armour         Ice            5%         N/A       34%         3
 Agony                    Necr           5%         N/A       97%         5
 Metabolic Englaciation   Hex/Ice        2%         N/A       97%         5
 Silence                  Hex/Air        2%         N/A       97%         5
 Simulacrum               Ice/Necr       2%         N/A       100%        6


Dungeon Overview and Level Annotations

Branches:
Dungeon (7/15)              Sewer (visited)
 Temple: D:4-7

Altars:
Gozag
Kikubaaqudgha
Nemelex Xobeh
Xom


Innate Abilities, Weirdness & Mutations

You have a pair of antennae on your head.
A demonic guardian rushes to your aid.
Your movements are slightly less encumbered by armour. (ER -2)


Message History

As you read the scroll of teleportation, it crumbles to dust.
You feel strangely unstable.
You feel sick. The orc closely misses you.
A killer bee comes into view.
The centaur unwields a +1 shortbow of flaming.
It stops flaming.
The centaur wields a +0 long sword.
The centaur hits you with a +0 long sword!
* * * LOW HITPOINT WARNING * * *
The centaur barely misses you. The water moccasin bites you.
* * * LOW HITPOINT WARNING * * *
A demonic guardian appears!
Unknown command.
Unknown command.
Unknown command.
It was a potion of might.
You feel very mighty all of a sudden.
You feel sick. The centaur closely misses you.
The centaur kicks you but does no damage.
The orc closely misses you. The water moccasin closely misses you.
The centaur misses you.
The centaur kicks you but does no damage.
Your rust devil closely misses the centaur.
Unknown command.
Unknown command.
You hit the centaur.
The centaur is poisoned.
You punch the centaur.
The centaur is moderately wounded.
You feel sick. The water moccasin closely misses you.
The orc hits you but does no damage. The centaur closely misses you. x2
The water moccasin bites you.
* * * LOW HITPOINT WARNING * * *
Your rust devil barely misses the centaur.
Unknown command.
Unknown command.
It was a potion of degeneration.
There was something very wrong with that liquid.
You feel weakened.
You feel dopey.
You feel clumsy.
You feel sick. The centaur closely misses you. The centaur barely misses you.
The orc hits you with a +0 dagger.
* * * LOW HITPOINT WARNING * * *
The water moccasin bites you.
You die...

##############
#............#
##............#
..............#
†.............#
.#............# .
#<.)........## ...
#......####..#####...(.
..............yS@c§.....
..............yo.4......
.#...########..#######..
.##### ..#.# # ...<#.#
........ .....##. .....
..


You could see a water moccasin, a centaur (very poisoned, ally target), 2 killer
bees, an orc and a friendly rust devil (summoned).

Vanquished Creatures
  Pikel (D:5)
  Sigmund (D:5)
  A steam dragon (D:6)
  A water moccasin (D:6)
  An ogre (D:5)
  2 orc warriors
  A necrophage (D:5)
  A lemure (D:4)
  A phantom (D:4)
  Blork the orc (D:5)
  2 scorpions
  4 wights
  2 vampire bats (D:6)
  A centaur zombie (D:6)
  A bullfrog zombie (D:5)
  A gnoll shaman (D:6)
  2 hounds
  2 jellies (D:4)
  A bullfrog skeleton (D:3)
  2 iguanas
  2 orc wizards
  6 gnolls
  5 adders
  A howler monkey skeleton (D:4)
  7 river rats
  3 white imps
  An adder skeleton (D:4)
  A worm (D:2)
  A dart slug (D:5)
  21 orcs
  3 bat skeletons (D:6)
  2 bat zombies (D:6)
  8 endoplasms
  6 giant cockroaches
  5 hobgoblins
  8 jackals
  4 quokkas
  11 ball pythons
  8 bats
  5 frilled lizards
  4 goblins
  17 kobolds
  32 rats
190 creatures vanquished.

Vanquished Creatures (collateral kills)
  A scorpion (D:4)
  A vampire bat (D:6)
  Terence (D:3)
  2 orcs
  A bat zombie (D:6)
  An endoplasm (D:2)
  A kobold (Sewer)
  A bat (D:2)
9 creatures vanquished.

Grand Total: 199 creatures vanquished

Notes
Turn   | Place    | Note
-------+----------+-------------------------------------------
     0 | D:1      | protoss039 the Demonspawn Earth Elementalist began the
                  | quest for the Orb.
     0 | D:1      | Reached XP level 1. HP: 13/13 MP: 3/3
   151 | D:1      | Reached skill level 1 in Transmutations
   451 | D:1      | Gained mutation: Your movements are slightly less
                  | encumbered by armour. (ER -2) [demonic ancestry]
   451 | D:1      | Reached XP level 2. HP: 7/19 MP: 3/5
  1419 | D:1      | Learned a level 2 spell: Passwall
  1765 | D:2      | Gained mutation: A weak demonic guardian rushes to your
                  | aid. [demonic ancestry]
  1765 | D:2      | Reached XP level 3. HP: 24/24 MP: 6/6
  1814 | D:2      | Found a faded altar of an unknown god.
  2226 | D:2      | Reached XP level 4. HP: 30/30 MP: 3/7
  2490 | D:2      | Learned a level 3 spell: Stone Arrow
  2900 | D:3      | Gained mutation: A demonic guardian rushes to your aid.
                  | [demonic ancestry]
  2900 | D:3      | Reached XP level 5. HP: 25/35 MP: 7/9
  3186 | D:3      | Found a sparkling altar of Nemelex Xobeh.
  3280 | D:3      | Noticed Terence
  3291 | D:3      | Killed Terence
  3292 | D:3      | Reached skill level 1 in Fighting
  3628 | D:3      | Found a shimmering altar of Xom.
  3628 | D:3      | Found an opulent altar of Gozag.
  4041 | D:4      | Reached XP level 6. HP: 44/44 MP: 10/10
  4080 | D:4      | Reached skill level 1 in Conjurations
  4547 | D:4      | Found a glowing drain.
  4574 | Sewer    | Entered a sewer
  5060 | Sewer    | Reached skill level 2 in Conjurations
  5637 | D:4      | Reached XP level 7. HP: 24/52 MP: 7/12
  6292 | D:5      | Entered Level 5 of the Dungeon
  6576 | D:5      | Noticed Sigmund
  6582 | D:5      | Killed Sigmund
  6583 | D:5      | Reached skill level 3 in Conjurations
  6697 | D:5      | Reached skill level 4 in Conjurations
  6708 | D:5      | Noticed Blork the orc
  6731 | D:5      | Killed Blork the orc
  7004 | D:5      | Gained mutation: You have a pair of small antennae on your
                  | head. [demonic ancestry]
  7004 | D:5      | Reached XP level 8. HP: 58/58 MP: 8/14
  7043 | D:5      | Noticed Pikel
  7264 | D:5      | Killed Pikel
  7265 | D:5      | Reached skill level 5 in Spellcasting
  7265 | D:5      | Reached skill level 6 in Conjurations
  7265 | D:5      | Reached skill level 5 in Earth Magic
  8527 | D:6      | Gained mutation: You have a pair of antennae on your head.
                  | [demonic ancestry]
  8527 | D:6      | Reached XP level 9. HP: 60/62 MP: 11/17
  8529 | D:6      | Reached skill level 7 in Conjurations
  8947 | D:6      | Found an ancient bone altar of Kikubaaqudgha.
  9092 | D:7      | HP: 3/63 [orc/+0 dagger (1)]
  9092 | D:7      | Slain by a water moccasin

Illustrated notes

Levels and vault maps discovered:
D:1:      scummos_arrival_hexagon, layout_loops_ring
D:2:      layout_loops_ring, ebering_ecumenical_altar_rust
D:3:      layout_loops_cross, nemelex_xobeh_ov_fountains_minmay,
          jmf_multi_god_temple, uniq_terence
D:4:      layout_basic, portal_sewer_entry_e
D:5:      layout_cave_pools, uniq_sigmund, uniq_pikel, uniq_blork_the_orc
D:6:      layout_basic, kennysheep_vampire_church
D:7:      layout_basic, minmay_temple_entry_enclosed_plants

Skill      XL: |  1  2  3  4  5  6  7  8  9 |
---------------+----------------------------+-----
Transmutations | 1 2 |  2.0
Stealth        | 2 3 |  3.0
Dodging        | 2 3 |  3.0
Earth Magic    | 3 4 5 |  5.9
Fighting       | 1 3 |  3.0
Spellcasting   | 3 4 5 |  5.9
Conjurations   | 2 4 6 7 |  7.7

Action                   |  1- 3 |  4- 6 |  7- 9 || total
-------------------------+-------+-------+-------++-------
Melee: Short sword       |   145 |     4 |       ||   149
       Punch             |     2 |     1 |     2 ||     5
       Spear             |       |   140 |       ||   140
       Hand axe          |       |    99 |    49 ||   148
       Dagger            |       |       |    93 ||    93
 Cast: Sandblast         |    27 |    27 |    19 ||    73
       Stone Arrow       |       |     9 |    66 ||    75
       Passwall          |       |     1 |       ||     1
  Use: Scroll            |       |       |     6 ||     6
       Potion            |       |       |     4 ||     4
 Stab: Sleeping          |     4 |    11 |     2 ||    17
       Distracted        |       |     2 |       ||     2
Armor: Robe              |    30 |       |       ||    30
       Leather armour    |    28 |    59 |    59 ||   146
Dodge: Dodged            |   160 |   242 |   209 ||   611
